 Dungeon Crawl Stone Soup version 0.29-a0-613-gf2c431b9b9 (webtiles) character file.

Game seed: 16787158395769823494

14000 valliere the Tainter (level 11, -9/97 HPs)
             Began as a Green Draconian Conjurer on June 17, 2022.
             Was an Elder of Vehumet.
             Mangled by a gargoyle
             ... wielding a +0 dire flail
              (25 damage)
             ... on level 10 of the Dungeon.
             The game lasted 00:48:53 (11261 turns).

valliere the Tainter (Green Draconian Conjurer)    Turns: 11261, Time: 00:48:54

Health: -9/97      AC:  9    Str: 10    XL:     11   Next: 83%
Magic:  18/20      EV: 14    Int: 22    God:    Vehumet [****..]
Gold:   569        SH:  0    Dex: 10    Spells: 1/23 levels left

rFire   . . .      SeeInvis .   n - +5 dagger (venom)
rCold   . . .      Faith    .   (no shield)
rNeg    . . .      Spirit   .   (body armour unavailable)
rPois   +          Reflect  .   (helmet restricted)
rElec   .          Harm     +   q - scarf {harm}
rCorr   .          Rampage  .   c - +0 pair of gloves
Will    .....                   o - +0 pair of boots
Stlth   ++........              (no amulet)
HPRegen 0.26/turn               (no ring)
MPRegen 0.17/turn               (no ring)

@: short of breath
A: breathe noxious fumes, AC +7, unfitting armour, poison resistance,
cold-blooded
a: Breathe Noxious Fumes, Renounce Religion


You were on level 10 of the Dungeon.
You worshipped Vehumet.
Vehumet was greatly pleased with you.
You visited 1 branch of the dungeon, and saw 10 of its levels.

You collected 569 gold pieces.

Inventory:

Hand Weapons
 b - a +0 dagger
 d - a +0 dagger of venom
 m - a +3 short sword
 n - a +5 dagger of venom (weapon)
 J - a +4 spear
Missiles
 g - 191 stones
 N - 4 throwing nets
Armour
 c - a +0 pair of gloves (worn)
 h - a +0 tower shield
 o - a +0 pair of boots (worn)
 q - a scarf of harm (worn)
Magical Staves
 p - a staff of poison
Jewellery
 f - a ring of protection from fire
 B - an amulet of regeneration
 L - an amulet of guardian spirit
 P - the ring of Doboeng {rElec Will+ rCorr Str-5 Dex-3}
   (You found it on level 9 of the Dungeon)

   [ring of willpower]

   Str:       It affects your strength (-5).
   Dex:       It affects your dexterity (-3).
   rElec:     It insulates you from electricity.
   rCorr:     It protects you from acid and corrosion.
   Will:      It increases your willpower.
Wands
 A - a wand of flame (37)
 E - a wand of iceblast (18)
 G - a wand of charming (10)
 M - a wand of mindburst (6)
 O - a wand of quicksilver (8)
 Q - a wand of digging (5)
Scrolls
 j - 2 scrolls of magic mapping
 k - a scroll of enchant weapon
 r - a scroll of enchant armour
 s - 2 scrolls of fog
 t - a scroll of poison
 u - 2 scrolls of brand weapon
 v - a scroll of vulnerability {unknown}
 w - 2 scrolls of silence
 y - 3 scrolls of teleportation
 C - a scroll of noise {unknown}
 D - 2 scrolls of blinking {unknown}
 F - a scroll of immolation {unknown}
 K - a scroll of summoning {unknown}
 R - a scroll of identify
 T - a scroll of fear {unknown}
Potions
 a - 3 potions of magic
 e - a potion of invisibility {unknown}
 i - 4 potions of lignification
 l - 2 potions of flight
 x - 3 potions of curing
 z - a potion of degeneration
 H - a potion of haste
 I - a potion of heal wounds {unknown}
 U - a potion of brilliance {unknown}
Miscellaneous
 S - a phantom mirror


   Skills:
 + Level 9.6 Fighting
 * Level 6.8 Dodging
 - Level 4.2 Stealth
 + Level 6.6 Spellcasting
 + Level 9.0 Conjurations
 - Level 3.4 Summonings
 - Level 3.5 Translocations
 - Level 3.5 Transmutations
 - Level 3.4 Fire Magic
 * Level 10.2 Poison Magic
 + Level 1.6 Evocations


You had one spell level left.
You knew the following spells:

 Your Spells              Type           Power      Damage    Failure   Level
a - Magic Dart            Conj           100%       1d8       1%          1
b - Call Canine Familiar  Summ           22%        N/A       6%          3
c - Mephitic Cloud        Conj/Pois/Air  35%        N/A       1%          3
d - Shock                 Conj/Air       100%       1d9       1%          1
e - Ignite Poison         Fire/Tmut/Pois 32%        N/A       1%          3
f - Iskenderun's Mystic   Conj/Tloc      34%        2d8       1%          4
g - Scorch                Fire           44%        2d7       1%          2
h - Iskenderun's Battles  Conj           47%        2d10      1%          5

Your spell library contained the following spells:

 Spells                   Type           Power      Damage    Failure   Level
 Summon Small Mammal      Summ           88%        N/A       2%          1
 Necrotize                Necr           28%        1d5       9%          1
 Slow                     Hex            28%        N/A       9%          1
 Searing Ray              Conj           94%        2d7       1%          2
 Static Discharge         Conj/Air       27%        N/A       1%          2
 Dazzling Flash           Conj/Hex       54%        N/A       1%          3
 Sticky Flame             Conj/Fire      34%        2d5       1%          4
 Call Imp                 Summ           22%        N/A       3%          2
 Fulminant Prism          Conj/Hex       13%        3d9       3%          4
 Hailstorm                Conj/Ice       27%        3d7       3%          4
 Portal Projectile        Hex/Tloc       30%        N/A       13%         3
 Summon Guardian Golem    Hex/Summ       14%        N/A       13%         3
 Freezing Cloud           Conj/Ice/Air   10%        6-21      17%         5
 Confusing Touch          Hex            7%         N/A       26%         3
 Tukima's Dance           Hex            7%         N/A       26%         3
 Vampiric Draining        Necr           7%         2d6       26%         3
 Yara's Violent Unravell  Hex/Tmut       7%         3d5       28%         5
 Ice Form                 Ice/Tmut       15%        N/A       38%         4
 Blade Hands              Tmut           11%        N/A       50%         5
 Dispel Undead            Necr           7%         3d8       65%         4
 Leda's Liquefaction      Hex/Erth       3%         N/A       65%         4
 Agony                    Necr           7%         N/A       94%         5
 Simulacrum               Ice/Necr       3%         N/A       100%        6
 Enfeeble                 Hex            3%         N/A       100%        7
 Polar Vortex             Ice            3%         N/A       100%        9


Dungeon Overview and Level Annotations

Branches:
Dungeon (10/15)            Temple (0/1) D:4            Lair (0/6) D:10
    Orc: D:9-12

Altars:
Cheibriados
Dithmenos
Elyvilon
Fedhas
Nemelex Xobeh
Okawaru
Sif Muna
Trog
Vehumet
Wu Jian
Yredelemnul
Lugonu

Portals:
Abyss: D:5
Trove: D:10 (give 8 potions of haste)

Annotations:
D:5 2 runed translucent doors


Innate Abilities, Weirdness & Mutations

You can breathe blasts of noxious fumes.
Your lurid green scales are hard. (AC +7)
You cannot fit into any form of body armour.
Your system is resistant to poisons. (rPois)
You are cold-blooded and may be slowed by cold attacks.


Message History

There is an open door here.
Press: ? - help, v - describe, . - travel
Here: a gargoyle, wielding a +0 dire flail (dormant)
The floor.
The gargoyle hurls a stone arrow at you.
The stone arrow hits you!
Aiming: Breathe Noxious Fumes (3% risk of failure)
Press: ? - help, Shift-Dir - straight line, f - you You exhale a blast of noxious fumes.
The blast of choking fumes hits you.
Casting: Magic Dart (safe; 1% risk of failure)
Confirm with . or Enter, or press ? or * to list all spells.
You ignite the poison in your surroundings!
The gargoyle hurls a stone arrow at you.
The stone arrow hits you!
You hit the gargoyle but do no damage. The gargoyle misses you.
You hit the gargoyle but do no damage.
The gargoyle hurls a stone arrow at you.
The stone arrow misses you.
You hit the gargoyle but do no damage.
The gargoyle is engulfed in blazing flames.
The gargoyle hurls a stone arrow at you.
The stone arrow hits you!
You hit the gargoyle.
The gargoyle is severely damaged.
The gargoyle is engulfed in blazing flames.
The gargoyle hurls a stone arrow at you.
The stone arrow hits you!
You hit the gargoyle but do no damage.
The gargoyle is severely damaged.
The gargoyle hurls a stone arrow at you.
The stone arrow hits you!!
* * * LOW HITPOINT WARNING * * *
You hit the gargoyle but do no damage.
The gargoyle is severely damaged.
The gargoyle completely misses you.
You hit the gargoyle but do no damage.
The gargoyle is severely damaged.
The gargoyle is engulfed in blazing flames.
The gargoyle hits you with a +0 dire flail!!
You die...

## .# #.# ####'###
#####+#### ♣......#
#........# .......#
+........# ♣......+
#........# .......#
#...9@...# ..♣...##
#####'#### .......#
##.# ♣......# ##..#
.......## #..##
......P.# #.##
..P..P..# ####'#####
♣..♣.P..# #........#
..♣.P...###........#


You could see a gargoyle.

Vanquished Creatures
  Harold (D:9)
  A two-headed ogre (D:9)
  Psyche (D:9)
  Prince Ribbit (D:9)
  A hornet (D:9)
  Sigmund (D:3)
  6 wyverns
  18 yaks
  Eustachio (D:5)
  Grum (D:9)
  A basilisk (D:10)
  A steam dragon (D:7)
  5 water moccasins
  A black bear (D:10)
  An orc warrior (D:9)
  A sky beast (D:8)
  An ice beast (D:8)
  An ogre (D:6)
  3 wolves (D:9)
  3 centaurs
  3 phantoms
  2 kobold brigands
  3 necrophages
  2 bullfrogs
  3 scorpions
  11 wights
  3 killer bees (D:8)
  3 howler monkeys
  2 jellies
  A gnoll shaman (D:9)
  2 hounds
  9 orc priests
  6 iguanas
  7 orc wizards
  Robin (D:3)
  9 gnolls
  8 adders
  A worm (D:2)
  2 dart slugs (D:2)
  34 orcs
  6 ball pythons
  8 bats
  6 endoplasms
  4 giant cockroaches
  18 goblins
  8 hobgoblins
  19 kobolds
  3 quokkas
  4 rats
238 creatures vanquished.

Vanquished Creatures (others)
  9 fungi
  31 plants
40 creatures vanquished.

Grand Total: 278 creatures vanquished

Notes
Turn   | Place    | Note
-------+----------+-------------------------------------------
     0 | D:1      | valliere the Draconian Conjurer began the quest for the
                  | Orb.
     0 | D:1      | Reached XP level 1. HP: 14/14 MP: 3/3
   665 | D:1      | Reached XP level 2. HP: 22/22 MP: 3/5
   885 | D:1      | Reached skill level 1 in Fighting
  1465 | D:2      | Reached XP level 3. HP: 28/28 MP: 0/6
  2250 | D:2      | Reached XP level 4. HP: 36/36 MP: 4/7
  2463 | D:3      | Reached skill level 1 in Summonings
  2468 | D:3      | Reached skill level 5 in Conjurations
  2625 | D:3      | Noticed Sigmund
  2810 | D:3      | Killed Sigmund
  2811 | D:3      | Reached XP level 5. HP: 20/44 MP: 6/9
  2811 | D:3      | Reached XP level 6. HP: 23/50 MP: 6/10
  3233 | D:3      | Noticed Robin
  3277 | D:3      | Killed Robin
  3431 | D:3      | Found an ornate altar of the Wu Jian Council.
  3433 | D:3      | Found a basalt altar of Yredelemnul.
  3433 | D:3      | Found a bloodstained altar of Trog.
  3433 | D:3      | Found a shadowy altar of Dithmenos.
  3433 | D:3      | Found a shimmering blue altar of Sif Muna.
  3434 | D:3      | Found a snail-covered altar of Cheibriados.
  3435 | D:3      | Found a radiant altar of Vehumet.
  3443 | D:3      | Learned a level 3 spell: Call Canine Familiar
  3447 | D:3      | Learned a level 3 spell: Mephitic Cloud
  3635 | D:3      | Found a faded altar of an unknown god.
  3640 | D:3      | Prayed at the altar of an unknown god.
  3640 | D:3      | Became a worshipper of Vehumet
  3640 | D:3      | Reached * piety under Vehumet
  3640 | D:3      | Offered knowledge of Shock by Vehumet.
  3643 | D:3      | Learned a level 1 spell: Shock
  4116 | D:4      | Your scales start taking on a lurid green colour.
  4116 | D:4      | Reached XP level 7. HP: 57/57 MP: 9/12
  4116 | D:4      | Gained mutation: Your system is resistant to poisons.
                  | (rPois) [Green Draconian growth]
  4120 | D:4      | Learned a level 3 spell: Ignite Poison
  4335 | D:4      | Found a staircase to the Ecumenical Temple.
  4367 | D:4      | Reached skill level 1 in Poison Magic
  4598 | D:5      | Entered Level 5 of the Dungeon
  4607 | D:5      | Noticed a wyvern
  4611 | D:5      | Found a sparkling altar of Nemelex Xobeh.
  4621 | D:5      | Killed a wyvern
  4622 | D:5      | Reached skill level 2 in Poison Magic
  4808 | D:5      | Noticed Eustachio
  4811 | D:5      | Killed Eustachio
  4812 | D:5      | Reached skill level 3 in Poison Magic
  4924 | D:5      | Found a blossoming altar of Fedhas.
  5004 | D:5      | Reached XP level 8. HP: 66/66 MP: 11/14
  5217 | D:5      | Found a one-way gate to the infinite horrors of the Abyss.
  5382 | D:5      | Got the Grimoire of Philately
  5451 | D:5      | Found a large runed translucent door.
  5451 | D:5      | Found a large runed translucent door.
  5454 | D:5      | Found a corrupted altar of Lugonu.
  5722 | D:6      | Reached skill level 1 in Fire Magic
  5760 | D:6      | Reached skill level 1 in Transmutations
  5760 | D:6      | Reached skill level 4 in Poison Magic
  5972 | D:6      | Reached skill level 5 in Poison Magic
  5989 | D:6      | Learned a level 4 spell: Iskenderun's Mystic Blast
  6420 | D:7      | Reached skill level 5 in Fighting
  6632 | D:7      | Reached XP level 9. HP: 74/74 MP: 9/16
  6697 | D:7      | Reached ** piety under Vehumet
  6697 | D:7      | Offered knowledge of Foxfire by Vehumet.
  6698 | D:7      | Reached skill level 6 in Poison Magic
  6783 | D:7      | Reached skill level 5 in Spellcasting
  7138 | D:7      | Reached skill level 7 in Poison Magic
  7707 | D:8      | Found an iron altar of Okawaru.
  7726 | D:8      | Offered knowledge of Scorch by Vehumet.
  7993 | D:8      | HP: 1/75 [ice beast (13)]
  7997 | D:8      | Reached skill level 8 in Poison Magic
  8379 | D:8      | Reached XP level 10. HP: 84/84 MP: 10/18
  8739 | D:8      | Reached skill level 5 in Dodging
  8739 | D:8      | Reached XP level 11. HP: 95/95 MP: 19/19
  8837 | D:9      | Noticed Psyche
  8844 | D:9      | Killed Psyche
  8938 | D:9      | Reached *** piety under Vehumet
  9151 | D:9      | Noticed a two-headed ogre
  9158 | D:9      | Killed a two-headed ogre
  9159 | D:9      | Reached skill level 9 in Poison Magic
  9229 | D:9      | Noticed Grum
  9237 | D:9      | Killed Grum
  9333 | D:9      | Learned a level 2 spell: Scorch
  9487 | D:9      | Found a white marble altar of Elyvilon.
  9515 | D:9      | Offered knowledge of Stone Arrow by Vehumet.
  9844 | D:9      | Identified the ring of Doboeng {rElec Will+ rCorr Str-5
                  | Dex-3}
  9918 | D:9      | Noticed Prince Ribbit
  9919 | D:9      | Noticed Harold
  9927 | D:9      | Killed Prince Ribbit
  9941 | D:9      | Killed Harold
 10477 | D:10     | Entered Level 10 of the Dungeon
 10908 | D:10     | Found a staircase to the Lair.
 10920 | D:10     | Reached skill level 1 in Evocations
 10995 | D:10     | Found a portal to a secret trove of treasure.
 11036 | D:10     | Reached **** piety under Vehumet
 11037 | D:10     | Reached skill level 10 in Poison Magic
 11042 | D:10     | Offered knowledge of Iskenderun's Battlesphere by Vehumet.
 11069 | D:10     | Learned a level 5 spell: Iskenderun's Battlesphere
 11261 | D:10     | Mangled by a gargoyle

Illustrated notes

Levels and vault maps discovered:
D:1:      dpeg_arrival_round_a, layout_basic, chequers_avenue,
          nicolae_grassy_gnolls
D:2:      layout_loops_ring, minmay_pentomino_v2
D:3:      layout_basic, minitemple, shapermc_ecumenical_altar_mp_urbaneastern,
          kennysheep_generic_room_12, uniq_sigmund, uniq_robin
D:4:      layout_loops_ring, minmay_temple_entry_wispy
D:5:      due_chaos_kobolds, layout_loops_ring, fedhas_altar_1,
          lemuel_tele_altar, uniq_eustachio
D:6:      layout_rooms
D:7:      layout_basic
D:8:      layout_cave_pods, mainiacjoe_overflow_small_starburst
D:9:      layout_stronghold, mainiacjoe_overflow_tiny_flanked, serial_rivers,
          chequers_serial_rivers_small_b, chequers_serial_rivers_micro_c,
          chequers_serial_rivers_large_a, chequers_serial_rivers_large_b,
          chequers_serial_rivers_small_a, uniq_harold, uniq_prince_ribbit1,
          uniq_grum, uniq_psyche
D:10:     layout_roguey, gammafunk_temple_overflow_wave,
          minmay_lair_entry_grove, enter_trove_2

Skill      XL: |  1  2  3  4  5  6  7  8  9 10 11 |
---------------+----------------------------------+-----
Fighting       | 1 2 3 4 5 6 8 9 |  9.6
Summonings     | 2 3 |  3.4
Conjurations   | 5 6 7 8 9 |  9.0
Spellcasting   | 3 4 5 6 |  6.6
Poison Magic   | 3 5 8 10 | 10.2
Fire Magic     | 2 3 |  3.4
Transmutations | 2 3 |  3.5
Dodging        | 5 6 |  6.8
Stealth        | 4 |  4.2
Translocations | 3 |  3.5
Evocations     | 1 |  1.6

Action                   |  1- 3 |  4- 6 |  7- 9 | 10-12 || total
-------------------------+-------+-------+-------+-------++-------
Melee: Unarmed           |    28 |       |       |       ||    28
       Dagger            |    34 |    42 |    99 |    66 ||   241
       Tailslap          |    11 |     4 |    10 |     4 ||    29
       Short sword       |     4 |       |       |       ||     4
       Punch             |       |       |     1 |       ||     1
 Cast: Magic Dart        |    64 |    84 |   154 |   127 ||   429
       Shock             |       |     1 |     6 |       ||     7
       Ignite Poison     |       |       |    16 |    24 ||    40
       Mephitic Cloud    |       |       |     3 |     4 ||     7
       Call Canine Famil |       |       |     2 |       ||     2
       Iskenderun's Myst |       |       |       |     1 ||     1
       Scorch            |       |       |       |     1 ||     1
 Abil: Breathe Noxious F |       |       |    19 |    20 ||    39
  Use: Scroll            |       |       |     2 |    11 ||    13
       Potion            |       |       |       |     1 ||     1
 Stab: Sleeping          |     4 |       |       |       ||     4
       Confused          |       |       |     2 |     2 ||     4
Armor: Skin              |    27 |    13 |    50 |    17 ||   107
Dodge: Dodged            |    44 |    28 |    80 |    50 ||   202

Table legend: (Time is in decaauts)
 A = Elapsed time spent in this place.
 B = Non-inter-level travel time spent in this place.
 C = Inter-level travel time spent in this place.
 D = Time resting spent in this place.
 E = Time spent auto-exploring this place.
 F = Levels seen in this place.
 G = Mean time per level.
                   A        B        C        D        E       F      G
               +--------+--------+--------+--------+--------+-----+--------+
         Total |  11317 |  11041 |    276 |    447 |   8830 |  10 | 1131.7 |
       Dungeon |  11317 |  11041 |    276 |    447 |   8830 |  10 | 1131.7 |
               +--------+--------+--------+--------+--------+-----+--------+

Top non-repeatable levels by time:
     D:9: 1752 daAuts
     D:3: 1355 daAuts
     D:7: 1275 daAuts
     D:1: 1271 daAuts
     D:2: 1243 daAuts
     D:8: 1100 daAuts
     D:5: 1049 daAuts
    D:10: 790 daAuts
     D:6: 749 daAuts
     D:4: 728 daAuts
